 Dungeon Crawl Stone Soup version 0.32-a0-868-g153ae1a8d6 (webtiles) character file.

Game seed: 11138633787820208958

135 Biggs the Shooter (level 5, -2/38 HPs)
             Began as a Coglin Hunter on Mar 28, 2024.
             Slain by a scorpion (7 damage)
             ... on level 3 of the Dungeon.
             The game lasted 00:02:44 (2147 turns).

Biggs the Shooter (Coglin Hunter)                   Turns: 2147, Time: 00:02:45

Health: -2/38      AC:  5    Str:  8 (11) XL:     5   Next: 18%
Magic:  5/5        EV:  9    Int:  7 (8)  God:
Gold:   229        SH:  0    Dex: 19 (20) Spells: 4/4 levels left

rFire   . . .        a - +2 sling {Gabriela}
rCold   . . .        d - +0 sling {Ekveer}
rNeg    . . .        n - +0 ring mail
rPois   .            (no helmet)
rElec   .            k - scarf {harm}
rCorr   .            (no gloves)
SInv    .            (no boots)
Will    .....        (amulet unavailable) Stlth
                     (ring unavailable)
HPRegen 0.26/turn    (ring unavailable)
MPRegen 0.09/turn    (no gizmo)

%: harm (+30% outgoing, +20% incoming)
@: confused, lethally poisoned (-2 -> -26), ambrosia-drunk, revved
A: off-hand wielding, slow wielding, warmup strikes, no jewellery
a: Invent Gizmo


You were on level 3 of the Dungeon.
You visited 1 branch of the dungeon, and saw 3 of its levels.

You collected 229 gold pieces.

Inventory:

Hand Weapons
 a - a +2 sling (weapon) {Gabriela}
 d - a +0 sling (offhand) {Ekveer}
Armour
 c - a +0 leather armour
 k - a scarf of harm (worn)
 n - a +0 ring mail (worn)
Scrolls
 b - a scroll of butterflies
 f - a scroll of teleportation {unknown}
 h - 4 scrolls of identify {unknown}
 j - 2 scrolls of amnesia {unknown}
 o - a scroll of fog {unknown}
Potions
 e - a potion of degeneration
 g - a potion of heal wounds {unknown}
 i - a potion of lignification {unknown}
 l - a potion of ambrosia
 m - a potion of curing {unknown}
 p - a potion of might {unknown}
 q - a potion of haste {unknown}


   Skills:
 - Level 2.0 Fighting
 + Level 5.7 Ranged Weapons
 - Level 1.7 Dodging
 - Level 0.7 Stealth


You had 4 spell levels left.
You didn't know any spells.
Your spell library contained the following spells:

 Spells                   Type           Power      Damage    Failure   Level
 Sting                    Conj/Alch      0%         1d3       82%         1
 Mercury Vapours          Alch/Air       0%         N/A       91%         2
 Sigil of Binding         Hex            0%         N/A       99%         3
 Olgreb's Toxic Radiance  Alch           0%         N/A       100%        4
 Death Channel            Necr           0%         N/A       100%        6
 Sculpt Simulacrum        Ice/Alch       0%         N/A       100%        6


Dungeon Overview and Level Annotations

Branches:
Dungeon (3/15)

Altars:


Innate Abilities, Weirdness & Mutations

You can wield a second weapon in your off-hand.
It takes a long time for you to wield or remove held weapons.
Your first few attacks do less damage.
You cannot equip rings or amulets.


Message History

Unknown command.
You shoot a sling bullet. The sling bullet hits the scorpion.
The scorpion is severely wounded.
You shoot a sling bullet.
The sling bullet hits the scorpion but does no damage.
The scorpion is severely wounded.
The scorpion stings you.
You are poisoned.
The scorpion poisons you! The scorpion stings you.
You are lethally poisoned!
The scorpion poisons you!
You shoot a sling bullet.
The sling bullet hits the scorpion but does no damage.
The scorpion is severely wounded.
You shoot a sling bullet. The sling bullet hits the scorpion.
The scorpion is almost dead.
You feel extremely sick. The scorpion stings you.
You are more poisoned.
The scorpion poisons you!
You are too injured to fight recklessly!
There is a lethal amount of poison in your body!
You are too injured to fight recklessly!
Unknown command.
It was a potion of degeneration.
There was something very wrong with that liquid.
You feel weakened.
You feel dopey.
You feel clumsy.
* * * LOW HITPOINT WARNING * * *
You feel very sick. The scorpion stings you.
* * * LOW HITPOINT WARNING * * *
You are more poisoned.
The scorpion poisons you!
It was a potion of ambrosia.
You are confused.
You feel invigorated.
* * * LOW HITPOINT WARNING * * *
You feel extremely sick. The scorpion closely misses you.
The scorpion stings you.
You die...

#...# #.##..#.# .##...#
#.##.....
..#.>.#####.##..#.#
#.#.......#.##..#.#
#.##............... .###
#..#......####.##.#
.....#..#..##### #.##.#
#...s.#..# #.....
#@#..###########.#
##...........# #.#
#.......####.####.#
#.##.#..####.#.....
#.##......#.......#
###.####......รท#.#...
#######................#.##
#...)...#............#.#.##
#.####..####......#.##.....


You could see a scorpion.

Vanquished Creatures
  An orc priest (D:3)
  An orc wizard (D:3)
  2 adders
  A dart slug (D:1)
  8 orcs (D:3)
  5 endoplasms
  5 giant cockroaches
  7 goblins
  2 hobgoblins
  3 jackals (D:2)
  A quokka (D:1)
  4 ball pythons (D:1)
  2 bats (D:1)
  2 frilled lizards
  A kobold (D:3)
  9 rats
54 creatures vanquished.

Notes
Turn   | Place    | Note
-------+----------+-------------------------------------------
     0 | D:1      | Biggs the Coglin Hunter began the quest for the Orb.
     0 | D:1      | Reached XP level 1. HP: 16/16 MP: 1/1
   137 | D:1      | Reached skill level 4 in Ranged Weapons
   137 | D:1      | Reached XP level 2. HP: 20/22 MP: 2/2
   516 | D:1      | Reached XP level 3. HP: 27/27 MP: 3/3
  1515 | D:3      | Reached skill level 5 in Ranged Weapons
  1515 | D:3      | Reached XP level 4. HP: 33/33 MP: 4/4
  1622 | D:3      | Reached XP level 5. HP: 38/38 MP: 5/5
  2147 | D:3      | Slain by a scorpion

Illustrated notes

Levels and vault maps discovered:
D:1:      dpeg_arrival_ratfight, layout_basic, dk_noncrumbling_4
D:2:      layout_loops_cross, amcnicky_mini_corridor_feature,
          hangedman_decor_opposing
D:3:      minmay_evil_eye, layout_loops_cross

Skill      XL: |  1  2  3 |
---------------+----------+-----
Ranged Weapons | 4 5 |  5.7
Fighting       | |  2.0
Dodging        | |  1.7
Stealth        | |  0.7

Action                     |  1- 3 |  4- 6 || total
---------------------------+-------+-------++-------
   Fire: Sling             |   130 |   106 ||   236
    Use: Potion            |       |     2 ||     2
 Armour: Leather armour    |     5 |       ||     5
         Ring mail         |     3 |    23 ||    26
  Dodge: Dodged            |    10 |    10 ||    20

Table legend: (Time is in decaauts)
 A = Elapsed time spent in this place.
 B = Non-inter-level travel time spent in this place.
 C = Inter-level travel time spent in this place.
 D = Time resting spent in this place.
 E = Time spent auto-exploring this place.
 F = Levels seen in this place.
 G = Mean time per level.
                   A        B        C        D        E       F      G
               +--------+--------+--------+--------+--------+-----+--------+
         Total |   2175 |   2130 |     45 |      0 |   1869 |   3 |  725.0 |
       Dungeon |   2175 |   2130 |     45 |      0 |   1869 |   3 |  725.0 |
               +--------+--------+--------+--------+--------+-----+--------+

Top non-repeatable levels by time:
     D:1: 838 daAuts
     D:2: 675 daAuts
     D:3: 661 daAuts
